 Dungeon Crawl Stone Soup version 0.19.5 (webtiles) character file.

5910 fredomojojo the Cleaver (level 11, -2/83 HPs)
             Began as a Human Fighter on Apr 28, 2017.
             Was a Follower of Elyvilon.
             Slain by a killer bee (4 damage)
             ... on level 9 of the Dungeon on Apr 30, 2017.
             The game lasted 02:44:51 (10149 turns).

fredomojojo the Cleaver (Human Fighter)            Turns: 10149, Time: 02:44:52

Health: -2/83      AC: 13    Str: 16    XL:     11   Next: 8%
Magic:  11/11      EV:  8    Int: 12    God:    Elyvilon [*.....]
Gold:   294        SH: 13    Dex: 17    Spells: 0 memorised, 10 levels left

rFire  + . .     SeeInvis .     D - +1 hand axe of Symmetry {venom, rElec MR++ Str-3 Int+3}
rCold  . . .     Gourm    .     a - +0 chain mail
rNeg   . . .     Faith    .     c - +2 shield
rPois  .         Spirit   .     (no helmet)
rElec  +         Reflect  .     (no cloak)
rCorr  .         Harm     .     (no gloves)
MR     ++...                    Y - +1 pair of boots
Stlth  ..........               (no amulet)
                                l - +4 ring of dexterity
                                n - ring of protection from fire

@: lethally poisoned (-2 -> -7)
A: no striking features
a: Lesser Healing, Divine Protection, Renounce Religion


You were on level 9 of the Dungeon.
You worshipped Elyvilon.
Elyvilon was aware of your devotion.
You were not hungry.

You visited 3 branches of the dungeon, and saw 12 of its levels.

You collected 294 gold pieces.

Inventory:

Hand Weapons
 w - a +2 vampiric dagger
 x - a +0 long sword
 C - a +0 short sword
 D - the +1 hand axe of Symmetry (weapon) {venom, rElec MR++ Str-3 Int+3}
   (You found it on level 4 of the Dungeon)

   It poisons the flesh of those it strikes.
   It affects your strength (-3).
   It affects your intelligence (+3).
   It insulates you from electricity.
   It affects your resistance to hostile enchantments.
 F - a +1 dire flail
 L - a +1 rapier of protection
 M - a +0 morningstar
 O - a +0 shortbow
 Q - a +1 falchion of electrocution
 S - a +0 broad axe
 W - a +3 scimitar
Missiles
 P - 65 arrows
Armour
 a - a +0 chain mail (worn)
 c - a +2 shield (worn)
 Y - a +1 pair of boots (worn)
Jewellery
 l - a +4 ring of dexterity (right hand)
 n - a ring of protection from fire (left hand)
 t - an uncursed ring of resist corrosion
Wands
 i - a wand of paralysis (0/24)
 u - a wand of digging (17/24)
 H - a wand of hasting (0/9)
 X - a wand of digging (14/24)
Scrolls
 e - 4 scrolls of immolation
 g - a scroll of summoning
 j - a scroll of fear {unknown}
 o - a scroll of random uselessness {unknown}
 s - 2 scrolls of magic mapping
 y - a scroll of identify
 E - 4 scrolls of remove curse
 J - a scroll of vulnerability {unknown}
 K - a scroll of noise {unknown}
 N - 3 scrolls of amnesia
 T - 3 scrolls of enchant weapon
Potions
 d - a potion of might
 f - a potion of haste
 m - 2 potions of brilliance {unknown}
 p - a potion of degeneration
 q - 2 potions of heal wounds
 v - a potion of ambrosia {unknown}
 z - 2 potions of flight
 A - a potion of berserk rage {unknown}
 G - a potion of cure mutation {unknown}
 I - 2 potions of curing
 U - a potion of agility {unknown}
Books
 B - a book of Callings

   Spells                             Type                      Level
   a - Summon Small Mammal            Summoning                    1
   b - Call Imp                       Summoning                    2
   c - Call Canine Familiar           Summoning                    3
   d - Summon Guardian Golem          Hexes/Summoning              3
   e - Summon Lightning Spire         Summoning/Air                4
   f - Summon Ice Beast               Ice/Summoning                4
 V - a book of Maledictions

   Spells                             Type                      Level
   a - Corona                         Hexes                        1
   b - Ensorcelled Hibernation        Hexes/Ice                    2
   c - Confuse                        Hexes                        3
   d - Tukima's Dance                 Hexes                        3
   e - Dazzling Spray                 Conjuration/Hexes            3
Comestibles
 h - 2 beef jerkies
 k - 5 meat rations
 r - 4 fruits


   Skills:
 + Level 6.4 Fighting
 + Level 2.7(3.0) Short Blades
 + Level 1.9(2.6) Long Blades
 + Level 8.8 Axes
 + Level 1.1(5.5) Maces & Flails
 + Level 0.6 Bows
 + Level 7.8 Armour
 + Level 4.0 Dodging
 + Level 1.2 Stealth
 + Level 8.3 Shields


You had 10 spell levels left.
You didn't know any spells.

Dungeon Overview and Level Annotations

Branches:
Dungeon (10/15)            Temple (1/1) D:7            Lair (1/6) D:8
    Orc: D:9-12

Altars:
Ashenzari
Cheibriados
Dithmenos
Elyvilon
Fedhas
Gozag
Hepliaklqana
Kikubaaqudgha
Makhleb
Nemelex Xobeh
Okawaru
Qazlal
Ru
Sif Muna
Trog
Uskayaw
Vehumet
Xom
Yredelemnul
Zin
The Shining One

Annotations:
D:10 Urug


Message History

Something hits you.
* * * LOW HITPOINT WARNING * * *
You hit something but do no damage. x2
Your surroundings suddenly seem different.
A killer bee comes into view.
The killer bee buzzes angrily.
A killer bee comes into view.
The killer bee buzzes angrily.
The killer bee stings you but does no damage.
The killer bee stings you.
* * * LOW HITPOINT WARNING * * *
You are lethally poisoned!
The killer bee poisons you! You block the killer bee's attack.
The killer bee barely misses you.
Found a dagger.
A quokka and a killer bee come into view.
A sky beast comes into view.
* * * LOW HITPOINT WARNING * * *
You feel sick. The killer bee stings you.
You die...

####...Y..
.........#
.........#
....)....#
.......#
.....#
#...#######
#.@y.......
#.yy.......
#.....#####
#.....#
#..r..#
#...###
#...+ ....#
.....#


You could see a sky beast, 3 killer bees and a quokka.

Vanquished Creatures
  Pikel (D:4)
  A hill giant (D:8)
  Joseph (D:9)
  A komodo dragon (Lair:1)
  A wyvern (D:8)
  A hungry ghost (D:7)
  Menkaure (D:6)
  2 hell hounds (D:8)
  A sky beast (D:9)
  A slave (D:4)
  2 black bears
  A necrophage (D:6)
  2 ice beasts
  4 phantoms
  6 ogres
  3 centaurs
  4 big kobolds
  2 bullfrogs
  A wyvern zombie (D:7)
  A scorpion (D:4)
  A killer bee (D:8)
  5 wights (D:8)
  A howler monkey (D:7)
  5 crimson imps
  3 hounds
  A bullfrog zombie (D:6)
  A centaur zombie (D:7)
  4 bullfrog skeletons
  7 orc priests
  2 jellies
  7 orc wizards
  2 iguanas (D:8)
  Natasha (twice) (D:4)
  4 worker ants
  A hound skeleton (D:8)
  A howler monkey zombie (D:8)
  A howler monkey skeleton (D:8)
  3 worker ant zombies
  4 gnolls (D:3)
  5 adders
  4 shadow imps
  2 adder zombies
  2 adder skeletons
  3 worms
  3 dart slugs (D:1)
  7 leopard geckos
  32 orcs
  2 ball pythons
  6 bats
  3 giant cockroaches
  9 goblins
  8 hobgoblins
  7 jackals
  5 quokkas
  5 frilled lizards
  2 jackal zombies (D:5)
  16 kobolds
  5 rats
218 creatures vanquished.

Vanquished Creatures (others)
  Natasha (D:4)
  An orc wizard (D:9)
2 creatures vanquished.

Grand Total: 220 creatures vanquished

Notes
Turn   | Place    | Note
-------+----------+-------------------------------------------
     0 | D:1      | fredomojojo the Human Fighter began the quest for the Orb.
     0 | D:1      | Reached XP level 1. HP: 18/18 MP: 1/1
    30 | D:1      | Reached XP level 2. HP: 10/24 MP: 2/2
   388 | D:2      | Reached XP level 3. HP: 14/29 MP: 3/3
   894 | D:2      | Reached XP level 4. HP: 35/35 MP: 4/4
  2019 | D:3      | Reached XP level 5. HP: 13/41 MP: 5/5
  2429 | D:5      | Entered Level 5 of the Dungeon
  2650 | D:3      | Found a shadowy altar of Dithmenos.
  2798 | D:2      | You fall through a shaft for 2 floors!
  2798 | D:4      | Noticed Pikel
  2798 | D:4      | Noticed a slave
  2798 | D:4      | Noticed a slave
  2798 | D:4      | Noticed a slave
  2798 | D:4      | Noticed a slave
  3381 | D:3      | Reached skill level 1 in Dodging
  3390 | D:3      | Reached XP level 6. HP: 11/47 MP: 6/6
  3404 | D:3      | HP: 2/47 [orc priest/divine providence (10)]
  3958 | D:4      | Found an opulent altar of Gozag.
  4059 | D:4      | Got a fine hand axe
  4062 | D:4      | Identified the +1 hand axe of Symmetry {venom, rElec MR++ Str-3 Int+3} (You found it on level 4 of the Dungeon)
  4067 | D:4      | Noticed Natasha
  4076 | D:4      | Killed Natasha
  4107 | D:4      | Killed a slave
  4119 | D:4      | Killed Pikel
  4119 | D:4      | Reached skill level 5 in Armour
  4119 | D:4      | Reached XP level 7. HP: 22/53 MP: 7/7
  4119 | D:4      | Reached XP level 8. HP: 25/60 MP: 8/8
  4141 | D:4      | Reached skill level 5 in Axes
  4263 | D:4      | Noticed Natasha
  4269 | D:4      | Killed Natasha
  4271 | D:4      | Noticed Natasha
  4376 | D:4      | Killed Natasha
  4542 | D:4      | Found a radiant altar of Vehumet.
  4692 | D:4      | Reached skill level 5 in Shields
  5172 | D:5      | Reached skill level 1 in Short Blades
  5254 | D:5      | Reached XP level 9. HP: 51/66 MP: 9/9
  5297 | D:5      | Reached skill level 1 in Stealth
  6032 | D:6      | Noticed Menkaure
  6040 | D:6      | Killed Menkaure
  6160 | D:6      | Reached skill level 5 in Fighting
  6953 | D:7      | Found a staircase to the Ecumenical Temple.
  6959 | Temple   | Entered the Ecumenical Temple
  7033 | Temple   | Became a worshipper of Elyvilon the Healer
  7319 | D:7      | Paralysed by fainting for 11 turns
  7320 | D:7      | Reached XP level 10. HP: 38/74 MP: 10/10
  7860 | D:7      | Found a sacrificial altar of Ru.
  7860 | D:7      | Found a basalt altar of Yredelemnul.
  7894 | D:7      | Found a glowing golden altar of the Shining One.
  7894 | D:7      | Found an iron altar of Okawaru.
  7894 | D:7      | Found a bloodstained altar of Trog.
  8123 | D:8      | Found a blossoming altar of Fedhas.
  8183 | D:8      | Found a runed door.
  8184 | D:8      | Noticed a hill giant
  8226 | D:8      | Killed a hill giant
  8226 | D:8      | Reached skill level 1 in Long Blades
  9290 | D:8      | Found a runed door.
  9460 | D:8      | Found a staircase to the Lair.
  9465 | D:8      | Reached * piety under Elyvilon
  9474 | Lair:1   | Entered Level 1 of the Lair of Beasts
  9474 | Lair:1   | Noticed a komodo dragon
  9490 | Lair:1   | HP: 2/76 [komodo dragon (16)]
  9493 | Lair:1   | Killed a komodo dragon
 10015 | D:9      | Reached XP level 11. HP: 79/83 MP: 11/11
 10018 | D:9      | Noticed Joseph
 10039 | D:9      | Killed Joseph
 10039 | D:9      | Reached skill level 1 in Maces & Flails
 10073 | D:10     | Entered Level 10 of the Dungeon
 10073 | D:10     | Noticed Urug
 10073 | D:10     | Noticed a hill giant
 10148 | D:9      | HP: 2/83 [killer bee (3)]
 10149 | D:9      | Slain by a killer bee

Skill      XL: |  1  2  3  4  5  6  7  8  9 10 11 |
---------------+----------------------------------+-----
Armour         | 4 5 6 7 |  7.8
Shields        | 4 6 7 8 |  8.3
Axes           | 3 4 5 7 8 |  8.8
Dodging        | 1 2 3 4 |  4.0
Fighting       | 4 5 6 |  6.4
Short Blades   | 1 2 |  2.7
Stealth        | 1 |  1.2
Long Blades    | 1 |  1.9
Maces & Flails | 1 |  1.1
Bows           | |  0.6

Action                   |  1- 3 |  4- 6 |  7- 9 | 10-12 || total
-------------------------+-------+-------+-------+-------++-------
Melee: War axe           |    88 |   216 |       |       ||   304
       Hand axe          |       |    31 |   425 |   373 ||   829
       Rapier            |       |       |    12 |    14 ||    26
       Falchion          |       |       |     4 |    13 ||    17
       Short sword       |       |       |    13 |    29 ||    42
       Morningstar       |       |       |     6 |     2 ||     8
       Scimitar          |       |       |       |    23 ||    23
       Dagger            |       |       |       |    21 ||    21
       Broad axe         |       |       |       |     3 ||     3
 Fire: Shortbow          |       |       |       |     5 ||     5
Evoke: Wand              |       |     3 |       |       ||     3
  Use: Scroll            |       |     6 |     4 |     9 ||    19
       Potion            |       |     2 |       |     3 ||     5
 Stab: Paralysed         |       |     1 |       |       ||     1
  Eat: Bread ration      |       |     1 |     2 |       ||     3
       Fruit             |       |     7 |     3 |     6 ||    16
       Beef jerky        |       |     1 |       |     1 ||     2
       Pizza             |       |       |     1 |       ||     1
       Meat ration       |       |       |       |     1 ||     1
       Royal jelly       |       |       |       |     1 ||     1
Armor: Scale mail        |    37 |    82 |    61 |       ||   180
       Chain mail        |       |       |    45 |   139 ||   184
Dodge: Dodged            |    22 |    78 |   101 |    97 ||   298
Block: Shield            |    43 |   140 |   224 |   240 ||   647
       Rpst.: Falchion   |       |       |     1 |       ||     1
       Scimitar          |       |       |       |     3 ||     3
